 Dungeon Crawl Stone Soup version 0.21-a0-142-gdd972a7 (webtiles) character file.

428 morbho the Sneak (level 6, -4/29 HPs)
             Began as a Spriggan Enchanter on July 24, 2017.
             Was an Initiate of Ashenzari.
             Slain by a mummy (12 damage)
             ... in an ossuary.
             The game lasted 00:09:04 (4620 turns).

morbho the Sneak (Spriggan Enchanter)               Turns: 4620, Time: 00:09:04

Health: -4/29      AC:  2    Str:  4    XL:     6   Next: 65%
Magic:  2/11       EV: 19    Int: 19    God:    Ashenzari [......]
Gold:   151        SH:  0    Dex: 16    Spells: 4/10 levels left

rFire    . . .     SeeInvis +   a - +1 dagger
rCold    . . .     Gourm    .   (shield restricted)
rNeg     . . .     Faith    .   b - +0 robe
rPois    .         Spirit   .   (helmet restricted)
rElec    .         Reflect  .   (no cloak)
rCorr    .         Harm     .   (gloves unavailable)
MR       +....                  (boots unavailable)
Stlth    ++++......             (no amulet)
HPRegen  0.09/turn              (no ring)
MPRegen  0.12/turn              (no ring)

@: very quick
A: unfitting armour, see invisible, herbivore 3, speed 3, slow metabolism 2
a: Curse Item, Renounce Religion


You were in an ossuary.
You worshipped Ashenzari.
Ashenzari was noncommittal.
You were not hungry.

You visited 1 branch of the dungeon, and saw 4 of its levels.
You also visited: Ossuary.

You collected 151 gold pieces.

Inventory:

Hand Weapons
 a - a +1 dagger (weapon)
Armour
 b - a +0 robe (worn)
Jewellery
 q - an uncursed ring of flight
Wands
 p - a wand of random effects (25/48)
Scrolls
 e - 2 scrolls of enchant weapon {unknown}
 g - a scroll of fear {unknown}
 j - 2 scrolls of teleportation {unknown}
 k - 4 scrolls of identify {unknown}
 l - a scroll of amnesia {unknown}
Potions
 f - 2 potions of curing
 i - a potion of magic
 m - a potion of agility
 n - a potion of heal wounds {unknown}
 o - 2 potions of flight
 r - a potion of invisibility
Books
 c - a book of Maledictions

   Spells                             Type                      Level
   a - Corona                         Hexes                        1
   b - Ensorcelled Hibernation        Hexes/Ice                    2
   c - Confuse                        Hexes                        3
   d - Tukima's Dance                 Hexes                        3
   e - Dazzling Spray                 Conjuration/Hexes            3
Comestibles
 d - 2 bread rations
 h - 2 royal jellies


   Skills:
 + Level 0.7 Fighting
 - Level 1.1 Short Blades
 + Level 3.4 Dodging
 + Level 7.5 Stealth
 - Level 2.6 Spellcasting
 * Level 7.5 Hexes


You had 4 spell levels left.
You knew the following spells:

 Your Spells              Type           Power        Failure   Level  Hunger
a - Corona                Hex            ####...      1%          1    None
b - Ensorcelled Hibernat  Hex/Ice        ###...       4%          2    ##.....
c - Confuse               Hex            ####....     2%          3    ###....


Dungeon Overview and Level Annotations

Branches:
Dungeon (4/15)
 Temple: D:4-7

Altars:
Ashenzari

Annotations:
D:4 Robin


Innate Abilities, Weirdness & Mutations

You are very small and have problems with some larger weapons.
You are too small for most types of armour.
You have supernaturally acute eyesight. (SInv)
You are a herbivore.
You cover ground extremely quickly.
You need consume almost no food.


Message History

Confirm with . or Enter, or press ? or * to list all spells.
Aiming: Confuse
Press: ? - help, Shift-Dir - straight line, f/p - mummy
Aim: a mummy (chance to defeat MR: 60%)
The mummy resists with significant effort.
Casting: Confuse
Confirm with . or Enter, or press ? or * to list all spells.
Aiming: Confuse
Press: ? - help, Shift-Dir - straight line, f/p - mummy
Aim: a mummy (chance to defeat MR: 60%)
The mummy resists with significant effort.
The mummy closely misses you. The mummy hits you!
You hit the mummy.
The mummy is lightly damaged.
There is a gate leading back out of this place here.
The mummy closely misses you. The mummy hits you!
* * * LOW HITPOINT WARNING * * *
You feel better. The mummy hits you!
You die...

#######
#.#.#.#
#.....#
##...##
#.∩.#
#.MM#
#.M.#
#.@.#
##+##


You could see 3 mummies.

Vanquished Creatures
  The ghost of Ordine the Magician, an amateur DEWz (D:3)
  An orc priest (D:3)
  Terence (D:3)
  Natasha (D:4)
  A worker ant (D:4)
  4 gnolls (D:3)
  6 adders
  4 dart slugs
  2 leopard geckos (D:2)
  4 orcs (D:3)
  2 ball pythons
  5 bats
  4 giant cockroaches
  4 goblins
  8 hobgoblins
  5 jackals
  A frilled lizard (D:1)
  6 kobolds
  2 orc skeletons (D:4)
  6 rats
68 creatures vanquished.

Notes
Turn   | Place    | Note
-------+----------+-------------------------------------------
     0 | D:1      | morbho the Spriggan Enchanter began the quest for the Orb.
     0 | D:1      | Reached XP level 1. HP: 9/9 MP: 5/5
   222 | D:1      | Reached XP level 2. HP: 13/13 MP: 6/6
   563 | D:1      | Learned a level 2 spell: Ensorcelled Hibernation
  1098 | D:2      | Reached skill level 5 in Stealth
  1283 | D:2      | Reached XP level 3. HP: 16/16 MP: 4/8
  1630 | D:2      | Reached skill level 5 in Hexes
  1866 | D:2      | Reached XP level 4. HP: 21/21 MP: 5/9
  2319 | D:2      | Learned a level 3 spell: Confuse
  2470 | D:3      | Noticed Terence
  2478 | D:3      | Killed Terence
  2487 | D:3      | Noticed Ordine's ghost (amateur DEWz)
  2801 | D:3      | Killed Ordine's ghost
  2801 | D:3      | Reached XP level 5. HP: 19/24 MP: 4/10
  2801 | D:3      | Reached XP level 6. HP: 22/28 MP: 4/11
  4283 | D:4      | Noticed Robin
  4417 | D:4      | Found a shattered altar of Ashenzari.
  4421 | D:4      | Noticed Natasha
  4429 | D:4      | Killed Natasha
  4445 | D:4      | Became a worshipper of Ashenzari the Shackled
  4598 | D:4      | Found a sand-covered staircase.
  4603 | Ossuary  | Entered an ossuary
  4618 | Ossuary  | HP: 1/29 [mummy (11)]
  4620 | Ossuary  | Slain by a mummy

Vault maps used:
D:1:      scummos_arrival_simple_fountains
D:3:      uniq_terence
D:4:      first_bread, nicolae_ossuary_entry_catacombs, evilmike_ruin_ashenzari,
          uniq_pikel, uniq_natasha, uniq_robin
Ossuary:  ossuary_minmay_chase

Skill      XL: |  1  2  3  4  5  6 |
---------------+-------------------+-----
Hexes          | 4 5 6 7 |  7.5
Stealth        | 5 7 |  7.5
Fighting       | |  0.7
Short Blades   | |  1.1
Dodging        | |  3.4
Spellcasting   | |  2.6

Action                   |  1- 3 |  4- 6 || total
-------------------------+-------+-------++-------
Melee: Dagger            |   107 |   116 ||   223
 Cast: Ensorcelled Hiber |    19 |    26 ||    45
       Corona            |     2 |       ||     2
       Confuse           |       |     9 ||     9
  Use: Potion            |       |     7 ||     7
 Stab: Sleeping          |    15 |    30 ||    45
       Distracted        |     2 |     1 ||     3
       Confused          |       |     4 ||     4
  Eat: Bread ration      |       |     1 ||     1
Armor: Robe              |     7 |    10 ||    17
Dodge: Dodged            |    92 |    83 ||   175
